 Dungeon Crawl Stone Soup version 0.26-a0-660-gc07710193c (webtiles) character file.

Game seed: 7313907934271439744

8838 Decritt the Geomancer (level 11, -8/67 HPs)
             Began as a Gargoyle Earth Elementalist on Oct 6, 2020.
             Was a Follower of Vehumet.
             Mangled by a manticore (9 damage)
             ... on level 11 of the Dungeon.
             The game lasted 01:36:11 (18037 turns).

Decritt the Geomancer (GrEE)                       Turns: 18037, Time: 01:36:11

Health: -8/67      AC: 16    Str: 13    XL:     11   Next: 37%
Magic:  22/22      EV: 14    Int: 23    God:    Vehumet [*.....]
Gold:   749        SH:  0    Dex: 11    Spells: 10/25 levels left

rFire    + + .     SeeInvis .   a - +5 short sword (elec)
rCold    . . .     Faith    .   (no shield)
rNeg     + . .     Spirit   .   G - +1 leather armour {rF+}
rPois    ∞         Reflect  .   (no helmet)
rElec    +         Harm     .   E - +0 cloak
rCorr    .         Rampage  .   L - +0 pair of gloves
MR       +....                  u - +0 pair of boots
Stlth    +++.......             l - amulet "Cuatog" {Acrobat *Corrode rPois rF+ Stlth+}
HPRegen  0.21/turn              p - ring of protection from magic
MPRegen  0.18/turn              i - +6 ring of intelligence

@: about to teleport, barbed spikes
A: negative energy resistance 1, electricity resistance, unbreathing,
petrification resistance, rot immunity, AC +8
a: Renounce Religion


You were on level 11 of the Dungeon.
You worshipped Vehumet.
Vehumet was aware of your devotion.
You visited 2 branches of the dungeon, and saw 12 of its levels.

You collected 749 gold pieces.

Inventory:

Hand Weapons
 a - a +5 short sword of electrocution (weapon)
 b - a +5 vorpal hunting sling
Missiles
 A - 176 stones (quivered)
 H - 20 sling bullets
Armour
 n - a scarf of invisibility
 u - a +0 pair of boots (worn)
 E - a +0 cloak (worn)
 G - a +1 leather armour of fire resistance (worn)
 L - a +0 pair of gloves (worn)
Jewellery
 g - an uncursed ring of positive energy
 i - a +6 ring of intelligence (right hand)
 l - the amulet "Cuatog" (around neck) {Acrobat *Corrode rPois rF+ Stlth+}
   (You found it on level 9 of the Dungeon)

   [amulet of the acrobat]

   It helps you evade while moving and waiting.
   It protects you from fire.
   It protects you from poison.
   It may corrode you when you take damage.
   It makes you more stealthy.
 p - a ring of protection from magic (left hand)
 M - an uncursed ring of ice
Wands
 f - a wand of iceblast (13)
 v - a wand of disintegration (24)
 y - a wand of paralysis (7)
 K - a wand of flame (31)
Scrolls
 c - 3 scrolls of magic mapping
 d - 6 scrolls of remove curse
 e - a scroll of enchant armour {unknown}
 h - 4 scrolls of teleportation
 k - 4 scrolls of amnesia
 m - a scroll of summoning {unknown}
 w - a scroll of fear
 x - a scroll of blinking {unknown}
 C - 3 scrolls of fog
Potions
 j - a potion of mutation {unknown}
 o - 2 potions of flight
 q - 2 potions of might
 r - a potion of haste
 s - 2 potions of cancellation
 t - a potion of magic {unknown}
 z - 2 potions of curing
 B - 3 potions of brilliance
 F - a potion of ambrosia {unknown}
Miscellaneous
 J - a lightning rod (4/4)


   Skills:
 - Level 7.1 Fighting
 - Level 6.3 Armour
 + Level 6.4 Dodging
 - Level 2.1 Stealth
 + Level 7.5 Spellcasting
 + Level 6.5 Conjurations
 + Level 3.7 Transmutations
 + Level 9.3 Earth Magic


You had 10 spell levels left.
You knew the following spells:

 Your Spells              Type           Power        Failure   Level
a - Sandblast             Erth           ######       1%          1
b - Stone Arrow           Conj/Erth      #####.       1%          3
c - Passwall              Tmut/Erth      #####...     1%          2
d - Lee's Rapid Deconstr  Erth           ######....   5%          5
e - Petrify               Tmut/Erth      #####...     6%          4

Your spell library contained the following spells:

 Spells                   Type           Power        Failure   Level
 Freeze                   Ice            #...         9%          1
 Shock                    Conj/Air       ###.         2%          1
 Corona                   Hex            #......      9%          1
 Mephitic Cloud           Conj/Pois/Air  ###.....     11%         3
 Leda's Liquefaction      Hex/Erth       ####......   13%         4
 Blink                    Tloc           N/A          14%         2
 Slow                     Hex            #.......     14%         2
 Inner Flame              Hex/Fire       #.......     26%         3
 Portal Projectile        Hex/Tloc       #.....       26%         3
 Cause Fear               Hex            #.........   65%         4
 Summon Forest            Summ/Tloc      #.........   94%         5
 Starburst                Conj/Fire      ###.......   98%         6


Dungeon Overview and Level Annotations

Branches:
Dungeon (11/15)            Temple (1/1) D:6            Lair (0/6) D:11
    Orc (0/2) D:10

Altars:
Ashenzari
Cheibriados
Dithmenos
Elyvilon
Fedhas
Gozag
Hepliaklqana
Kikubaaqudgha
Makhleb
Nemelex Xobeh
Okawaru
Qazlal
Ru
Sif Muna
Trog
Uskayaw
Vehumet
Wu Jian
Xom
Yredelemnul
Zin
The Shining One

Shops:
D:3 *   D:5 :   D:6 :   D:11 (

Annotations:
D:3 1 runed translucent door, Decritt's ghost, amateur DECj


Innate Abilities, Weirdness & Mutations

You are resistant to torment.
Your stone body is resilient. (AC +8)
You are immune to poison.
You resist negative energy. (rN+)
You are resistant to electric shocks. (rElec)
You can survive without breathing.
You are immune to petrification.
You are immune to rotting.


Message History

The volley of spikes hits you!
The barbed spikes become lodged in your body.
* * * LOW HITPOINT WARNING * * *
You are too injured to fight recklessly!
You are too injured to fight recklessly!
The manticore flicks its tail.
The volley of spikes hits you!
The barbed spikes become lodged in your body.
* * * LOW HITPOINT WARNING * * *
As you read the scroll of teleportation, it crumbles to dust.
You feel strangely unstable.
The manticore flicks its tail.
The volley of spikes hits you but does no damage.
You feel better.
You hear the crackle of electricity.
a - a +5 short sword of electrocution (weapon)
The manticore bites you!
* * * LOW HITPOINT WARNING * * *
The manticore claws you!
You die...

.................
...................#
........#.#........+
.........∩.........#
........#.#........#
.....###..#+##.....#
.....#.......#.....###+#
.....#.......#..........
.....#.......'..@...(...
.....#########...H......
###..... .......(..(..
..#...........#####....(
..#........... .(...
..#........... .(.. ..#
.......... ... ..#
...... ..( ..#


You could see a manticore.

Vanquished Creatures
  Fannar (D:10)
  A two-headed ogre (D:8)
  Pikel (D:6)
  An unseen horror (D:11)
  An elephant (D:11)
  Joseph (D:6)
  2 wargs (D:10)
  Duvessa (D:7)
  4 orc warriors
  2 sky beasts
  3 black bears
  An ice beast (D:5)
  A necrophage (D:9)
  An eye of draining (D:10)
  An ogre (D:5)
  A phantom (D:10)
  8 centaurs
  A lemure (D:7)
  A big kobold (D:7)
  7 bullfrogs
  A gnoll sergeant (D:10)
  Dowan (D:7)
  A wyvern skeleton (D:8)
  3 scorpions
  11 killer bees
  4 howler monkeys (D:8)
  4 wights (D:10)
  6 crimson imps (D:10)
  A bullfrog zombie (D:8)
  A quasit (D:10)
  A centaur zombie (D:8)
  2 centaur skeletons
  3 hounds
  2 jellies (D:10)
  A bullfrog skeleton (D:10)
  15 orc priests
  An iguana (D:8)
  12 orc wizards
  9 worker ants
  A statue (D:9)
  4 hound skeletons
  A howler monkey zombie (D:5)
  7 gnolls (D:10)
  10 adders
  2 shadow imps (D:10)
  3 white imps
  An ufetubus (D:5)
  An adder zombie (D:6)
  A worm (D:5)
  3 dart slugs
  13 leopard geckos
  67 orcs
  7 bats
  7 giant cockroaches
  6 goblins
  2 hobgoblins
  12 jackals
  12 kobolds
  5 quokkas
  2 ball pythons
  3 frilled lizards
  A jackal skeleton (D:7)
  2 leopard gecko skeletons
  A leopard gecko zombie (D:6)
  11 rats
304 creatures vanquished.

Notes
Turn   | Place    | Note
-------+----------+-------------------------------------------
     0 | D:1      | Decritt the Gargoyle Earth Elementalist began the quest for
                  | the Orb.
     0 | D:1      | Reached XP level 1. HP: 10/10 MP: 3/3
   110 | D:1      | Reached XP level 2. HP: 15/15 MP: 1/5
   158 | D:1      | Reached skill level 4 in Earth Magic
   718 | D:1      | Reached XP level 3. HP: 19/19 MP: 7/7
   725 | D:1      | You fall into a shaft and drop 1 floor!
   725 | D:2      | Found a shadowy altar of Dithmenos.
  1646 | D:3      | Found Zin's Purification Station.
  1652 | D:3      | Found a glowing silver altar of Zin.
  1722 | D:3      | Reached skill level 1 in Fighting
  1722 | D:3      | Reached XP level 4. HP: 25/25 MP: 5/8
  1897 | D:3      | Found a runed translucent door.
  1903 | D:3      | Noticed Decritt's ghost (amateur DECj)
  1975 | D:3      | Reached skill level 5 in Earth Magic
  2005 | D:3      | Reached XP level 5. HP: 30/30 MP: 9/9
  2055 | D:3      | Found a bloodstained altar of Trog.
  2105 | D:3      | Found an iron altar of Okawaru.
  3560 | D:4      | Reached XP level 6. HP: 27/37 MP: 8/11
  4104 | D:4      | Found a sparkling altar of Nemelex Xobeh.
  4394 | D:5      | Entered Level 5 of the Dungeon
  4437 | D:5      | Found a snail-covered altar of Cheibriados.
  4494 | D:5      | Noticed an ice beast
  4500 | D:5      | Killed an ice beast
  4500 | D:5      | Reached skill level 1 in Armour
  4500 | D:5      | Reached skill level 6 in Earth Magic
  4500 | D:5      | Reached XP level 7. HP: 32/43 MP: 6/12
  4829 | D:5      | Found Sigu Urud's Book Shop.
  5429 | D:5      | Found an ornate altar of the Wu Jian Council.
  5735 | D:5      | Learned a level 3 spell: Stone Arrow
  6084 | D:6      | Reached XP level 8. HP: 21/48 MP: 14/14
  6430 | D:6      | Found Vonnue's Book Boutique.
  6857 | D:6      | Found a staircase to the Ecumenical Temple.
  6863 | Temple   | Entered the Ecumenical Temple
  7311 | D:6      | You fall into a shaft and drop 1 floor!
  7336 | D:7      | Reached skill level 5 in Fighting
  7415 | D:7      | Found a sacrificial altar of Ru.
  7488 | D:7      | Reached skill level 1 in Conjurations
  7642 | D:7      | Reached skill level 7 in Earth Magic
  7710 | D:7      | Learned a level 2 spell: Passwall
  7782 | D:7      | Noticed Duvessa
  7783 | D:7      | Noticed Dowan
  7787 | D:7      | Killed Duvessa
  7789 | D:7      | Killed Dowan
  8086 | D:7      | Reached skill level 5 in Spellcasting
  8406 | D:7      | Reached XP level 9. HP: 54/54 MP: 6/16
  8618 | D:7      | Noticed Joseph
  9518 | D:6      | Killed Joseph
  9518 | D:6      | Reached skill level 8 in Earth Magic
  9679 | D:7      | Noticed Pikel
  9789 | D:6      | Killed Pikel
 11339 | D:8      | Found an opulent altar of Gozag.
 11339 | D:8      | Found a sacrificial altar of Ru.
 11827 | D:8      | Reached skill level 5 in Armour
 11827 | D:8      | Reached skill level 5 in Dodging
 11827 | D:8      | Reached XP level 10. HP: 58/61 MP: 3/19
 12669 | D:8      | Learned a level 5 spell: Lee's Rapid Deconstruction
 12674 | D:8      | Learned a level 4 spell: Petrify
 13170 | D:8      | Found a burning altar of Makhleb.
 13277 | D:8      | Identified the Disquisition on Spatial Conjuration
 13359 | D:8      | Noticed a two-headed ogre
 13820 | D:8      | Killed a two-headed ogre
 13820 | D:8      | Reached skill level 1 in Transmutations
 14047 | D:9      | Found a shimmering altar of Xom.
 14208 | D:9      | Found a radiant altar of Vehumet.
 14230 | D:9      | Got a fine emerald amulet
 14236 | D:9      | Identified the amulet "Cuatog" {Acrobat *Corrode rPois rF+
                  | Stlth+} (You found it on level 9 of the Dungeon)
 14276 | D:9      | Became a worshipper of Vehumet
 14675 | D:10     | Entered Level 10 of the Dungeon
 14888 | D:10     | Reached skill level 9 in Earth Magic
 15605 | D:10     | Reached * piety under Vehumet
 15605 | D:10     | Offered knowledge of Foxfire by Vehumet.
 15756 | D:10     | Found a staircase to the Orcish Mines.
 16141 | D:10     | Reached skill level 5 in Conjurations
 16572 | D:10     | Reached XP level 11. HP: 67/67 MP: 21/21
 16597 | D:10     | Noticed Fannar
 16640 | D:10     | Killed Fannar
 17467 | D:11     | Killed an unseen horror
 17561 | D:11     | Found Sajuv's Weapon Shoppe.
 17802 | D:11     | Found a staircase to the Lair.
 17844 | D:11     | Offered knowledge of Freeze by Vehumet.
 18027 | D:11     | Noticed a manticore
 18037 | D:11     | HP: 1/67 [manticore (17)]
 18037 | D:11     | Mangled by a manticore

Illustrated notes

Levels and vault maps discovered:
D:1:      ncdulo_lavacross, layout_basic, minmay_unequal
D:2:      layout_basic, nicolae_dithmenos_shadow_blocks
D:3:      layout_basic, nicolae_overflow_crystal_walls, zin_purify,
          ebering_ghost_sewer_d, bloody_trog
D:4:      layout_loops_corners, lemuel_coloured_pillars_altar
D:5:      layout_rooms, slow_altar_1, overflow_temple_1_default, serial_shops,
          nicolae_shop_crystal
D:6:      layout_basic, temple_fountains, serial_shops, shop,
          gup_sewer_entry_pipe, minmay_fractal_squares_5
D:7:      layout_gridville, hangedman_ru_absence, uniq_pikel, uniq_duvessa,
          uniq_joseph
D:8:      layout_loops_ring, kennysheep_mini, amethyst_overflow_temple_binary,
          special_room [special_room_orc]
D:9:      layout_irregular_city, xom_redecorated, vehumet_statue
D:10:     layout_loops_cross, erik_orc_4, minmay_nine_imps, uniq_fannar
D:11:     layout_gridville, david_lair_generic, serial_shops,
          nicolae_shop_crystal, minmay_orc_keep
Temple:   chequers_temple_sunken

Skill      XL: |  1  2  3  4  5  6  7  8  9 10 11 |
---------------+----------------------------------+-----
Earth Magic    | 4 5 6 7 8 9 |  9.3
Spellcasting   | 3 4 5 6 7 |  7.5
Fighting       | 1 2 3 4 5 6 7 |  7.1
Armour         | 1 3 4 5 6 |  6.3
Dodging        | 2 3 4 5 6 |  6.4
Conjurations   | 2 4 5 6 |  6.5
Transmutations | 2 3 |  3.7
Stealth        | |  2.1

Action                   |  1- 3 |  4- 6 |  7- 9 | 10-12 || total
-------------------------+-------+-------+-------+-------++-------
Melee: Dagger            |    10 |    21 |       |       ||    31
       Unarmed           |     3 |       |       |       ||     3
       Hand axe          |       |    20 |    25 |       ||    45
       Shortbow          |       |       |     1 |       ||     1
       Short sword       |       |       |    45 |   188 ||   233
       Hunting sling     |       |       |       |     2 ||     2
 Fire: Shortbow          |       |       |   135 |       ||   135
       Hunting sling     |       |       |     5 |   101 ||   106
Throw: Stone             |     1 |     5 |    17 |    25 ||    48
       Javelin           |    37 |    31 |    11 |       ||    79
       Dart              |       |    15 |    33 |       ||    48
 Cast: Sandblast         |    26 |    45 |    58 |    12 ||   141
       Stone Arrow       |       |       |    67 |    72 ||   139
       Passwall          |       |       |     3 |       ||     3
       Lee's Rapid Decon |       |       |       |    16 ||    16
       Petrify           |       |       |       |     2 ||     2
  Use: Scroll            |       |     6 |     7 |    10 ||    23
       Potion            |       |       |     1 |     6 ||     7
 Stab: Sleeping          |       |       |     1 |       ||     1
Armor: Robe              |     7 |       |       |       ||     7
       Leather armour    |     2 |    21 |   133 |   153 ||   309
Dodge: Dodged            |    22 |    33 |   210 |   357 ||   622

Table legend: (Time is in decaauts)
 A = Elapsed time spent in this place.
 B = Non-inter-level travel time spent in this place.
 C = Inter-level travel time spent in this place.
 D = Time resting spent in this place.
 E = Time spent auto-exploring this place.
 F = Levels seen in this place.
 G = Mean time per level.
                   A        B        C        D        E       F      G
               +--------+--------+--------+--------+--------+-----+--------+
         Total |  18254 |  18013 |    241 |   7469 |   5818 |  12 | 1521.2 |
       Dungeon |  18005 |  17794 |    211 |   7469 |   5603 |  11 | 1636.8 |
        Temple |    248 |    218 |     30 |      0 |    215 |   1 |  248.0 |
               +--------+--------+--------+--------+--------+-----+--------+

Top non-repeatable levels by time:
     D:6: 2763 daAuts
    D:10: 2733 daAuts
     D:8: 2725 daAuts
     D:7: 2541 daAuts
     D:5: 1495 daAuts
     D:3: 1435 daAuts
     D:4: 1354 daAuts
     D:1: 822 daAuts
     D:2: 821 daAuts
     D:9: 660 daAuts
    D:11: 652 daAuts
  Temple: 248 daAuts
